 Dungeon Crawl Stone Soup version 0.25.1-2-g60ff931df9 (webtiles) character file.

Game seed: 16970053165276303908

37 Garessta the Insei (level 3, -1/23 HPs)
             Began as an Octopode Transmuter on Oct 16, 2020.
             Slain by a white imp (3 damage)
             ... summoned by Natasha
             ... on level 2 of the Dungeon.
             The game lasted 00:02:13 (1164 turns).

Garessta the Insei (Octopode Transmuter)            Turns: 1164, Time: 00:02:14

Health: -1/23      AC:  1    Str: 10    XL:     3   Next: 39%
Magic:  8/15       EV: 13    Int: 15    God:
Gold:   40         SH:  0    Dex: 12    Spells: 3/6 levels left

rFire    . . .     SeeInvis .     - Unarmed
rCold    . . .     Gourm    .   (no shield)
rNeg     . . .     Faith    .   (helmet restricted)
rPois    .         Spirit   .   (no amulet)
rElec    .         Reflect  .   d - ring of magical power
rCorr    .         Harm     .   (no ring)
MR       .....                  (no ring)
Stlth    ++........             (no ring)
HPRegen  0.07/turn              (no ring)
MPRegen  0.14/turn              (no ring)
                                (no ring)
                                (no ring)

@: appendage (expiring), very slightly contaminated, slowed, very slow
A: almost no armour, stealthy swim, amphibious, 8 rings, constrict 8, tentacle
spike 3, camouflage 1, gelatinous body 1
a: End Transformation


You were on level 2 of the Dungeon.
You were not hungry.
One of your tentacles had a temporary spike.
You visited 1 branch of the dungeon, and saw 2 of its levels.

You collected 40 gold pieces.

Inventory:

Missiles
 a - 9 arrows
Jewellery
 d - a ring of magical power (left tentacle)
Scrolls
 l - 2 scrolls of enchant weapon
Potions
 b - a potion of ambrosia {unknown}
 e - 2 potions of stabbing {unknown}
 g - 2 potions of curing
 m - a potion of haste {unknown}
Comestibles
 c - 3 rations


   Skills:
 - Level 1.0 Fighting
 - Level 2.0 Dodging
 + Level 3.7 Unarmed Combat
 - Level 2.0 Spellcasting
 + Level 2.9 Transmutations


You had 3 spell levels left.
You knew the following spells:

 Your Spells              Type           Power        Failure   Level  Hunger
a - Beastly Appendage     Tmut           ##....       7%          1    #......
b - Sticks to Snakes      Tmut           ##......     10%         2    ###....

Your spell library contained the following spells:

 Spells                   Type           Power        Failure   Level  Hunger
 Spider Form              Tmut/Pois      #.........   36%         3    ###....
 Ice Form                 Ice/Tmut       #.......     77%         4    #####..
 Blade Hands              Tmut           ##........   88%         5    ######.


Dungeon Overview and Level Annotations

Branches:
Dungeon (2/15)

Altars:

Annotations:
D:2 Natasha


Innate Abilities, Weirdness & Mutations

You cannot wear most types of armour.
You are very stealthy in the water. (Stealth+)
You are amphibious.
You can wear up to eight rings at the same time.
You can use your tentacles to constrict eight enemies at once.
Your skin changes colour to match your surroundings (Stealth+).
Your rubbery body absorbs attacks. (AC +1, EV +1)
One of your tentacles bears a large vicious spike.


Message History

You barely miss Natasha. You grab Natasha.
You pierce Natasha.
Natasha is severely wounded.
Your transformation is almost over.
You constrict Natasha, but do no damage.
The white imp barely misses you.
Natasha drinks a potion.
Natasha is healed!
Your ball python bites the crimson imp but does no damage.
Your ball python constricts the crimson imp.
The crimson imp hits your ball python.
Your ball python dies!
The white imp gestures at you. The puff of frost hits you.
* * * LOW HITPOINT WARNING * * *
You tentacle-slap Natasha but do no damage.
You constrict Natasha. Natasha barely misses you.
The white imp completely misses you. Natasha barely misses you.
You tentacle-slap Natasha but do no damage.
You constrict Natasha. The white imp hits you.
* * * LOW HITPOINT WARNING * * *
The white imp freezes you.
You die...

##### ....# ....#
....# ....#
....################
....'..........5@h5#
....##############5#
##### *,,,,,,#.#
.##***** *,****,#.#
...,,,>* *,* *,#5#
..#,**** *,* *,#5#
..#,* *,* *,#.#
..#,* *,* *,#.#
#.*,*******,****,#.#


You could see Natasha, 2 crimson imps and a white imp (summoned).

Vanquished Creatures
  Natasha (D:2)
  A dart slug (D:1)
  2 bats
  A goblin (D:2)
  2 hobgoblins
  3 frilled lizards
  A rat (D:1)
11 creatures vanquished.

Notes
Turn   | Place    | Note
-------+----------+-------------------------------------------
     0 | D:1      | Garessta the Octopode Transmuter began the quest for the
                  | Orb.
     0 | D:1      | Reached XP level 1. HP: 13/13 MP: 3/3
   456 | D:1      | Reached XP level 2. HP: 15/18 MP: 5/5
   726 | D:1      | Learned a level 2 spell: Sticks to Snakes
   871 | D:2      | Noticed Natasha
   879 | D:2      | Killed Natasha
   879 | D:2      | Reached XP level 3. HP: 10/23 MP: 6/6
  1146 | D:2      | Noticed Natasha
  1164 | D:2      | Slain by a white imp

Illustrated notes

Levels and vault maps discovered:
D:1:      scummos_arrival_star, layout_basic, serial_rivers,
          chequers_serial_rivers_small_a, chequers_serial_rivers_micro_e,
          chequers_serial_rivers_micro_c, chequers_serial_rivers_small_a,
          chequers_serial_rivers_marsh, chequers_serial_rivers_room_a
D:2:      minmay_diamond_boxcup, layout_basic, uniq_natasha

Action                   || total
-------------------------++-------
Melee: Unarmed           ||    29
       Constrict         ||     7
       Kick              ||     9
       Tentacles         ||     4
 Cast: Beastly Appendage ||    10
       Sticks to Snakes  ||     3
  Use: Scroll            ||     7
 Stab: Sleeping          ||     2
  Eat: Chunk             ||     1
Armor: Skin              ||     3
Dodge: Dodged            ||    16
